 Dungeon Crawl Stone Soup version 0.24.0-37-gcf1ca852f1 (webtiles) character file.

Game seed: 1871940855050919085, levelgen mode: deterministic

130 FishyPogo the Charmwright (level 5, -1/43 HPs)
             Began as a Gnoll Skald on Dec 8, 2019.
             Slain by an orc
             ... wielding a +0 war axe
              (6 damage)
             ... on level 3 of the Dungeon.
             The game lasted 00:05:59 (1599 turns).

FishyPogo the Charmwright (Gnoll Skald)             Turns: 1599, Time: 00:05:59

Health: -1/43      AC:  3    Str: 15    XL:     5   Next: 13%
Magic:  1/12       EV: 14    Int: 15    God:
Gold:   107        SH:  0    Dex: 14    Spells: 3/14 levels left

rFire    . . .     SeeInvis .   a - +0 falchion
rCold    . . .     Gourm    .   (no shield)
rNeg     . . .     Faith    .   b - +0 leather armour
rPois    +         Spirit   .   (no helmet)
rElec    .         Reflect  .   (no cloak)
rCorr    .         Harm     .   (no gloves)
MR       .....     Rnd*Tele +   (no boots)
Stlth    ++........             l - amulet of the acrobat
HPRegen  1.14/turn              n - ring of teleportation (curse)
MPRegen  0.13/turn              q - ring of poison resistance

@: infused (expiring), singing, very slightly contaminated, regenerating
A: distributed training, fangs 1, strong nose
a: no special abilities


You were on level 3 of the Dungeon.
You were not hungry.

You visited 1 branch of the dungeon, and saw 3 of its levels.

You collected 107 gold pieces.

Inventory:

Hand Weapons
 a - a +0 falchion (weapon)
Missiles
 f - 90 stones (quivered)
Armour
 b - a +0 leather armour (worn)
Jewellery
 l - an amulet of the acrobat (around neck)
 n - a cursed ring of teleportation (left hand)
 o - an uncursed ring of positive energy
 q - a ring of poison resistance (right hand)
 s - an uncursed ring of protection from magic {unknown}
Scrolls
 h - a scroll of amnesia {unknown}
 i - a scroll of teleportation {unknown}
 j - a scroll of magic mapping {unknown}
 k - a scroll of enchant weapon {unknown}
Potions
 c - a potion of magic {unknown}
 e - a potion of resistance {unknown}
 g - a potion of might {unknown}
 m - 2 potions of lignification {unknown}
 r - a potion of berserk rage {unknown}
Comestibles
 d - 6 rations
 p - 4 chunks of flesh


   Skills:
 + Level 4.7 Fighting
 + Level 1.3 Short Blades
 + Level 4.7 Long Blades
 + Level 1.3 Axes
 + Level 1.3 Maces & Flails
 + Level 1.3 Polearms
 + Level 1.3 Staves
 + Level 1.3 Slings
 + Level 1.3 Bows
 + Level 1.3 Crossbows
 + Level 1.3 Throwing
 + Level 2.9 Armour
 + Level 4.7 Dodging
 + Level 1.3 Stealth
 + Level 1.3 Shields
 + Level 1.3 Unarmed Combat
 + Level 5.1 Spellcasting
 + Level 1.1 Conjurations
 + Level 1.1 Hexes
 + Level 5.5 Charms
 + Level 1.1 Summonings
 + Level 1.1 Necromancy
 + Level 1.1 Translocations
 + Level 1.1 Transmutations
 + Level 1.1 Fire Magic
 + Level 1.1 Ice Magic
 + Level 1.1 Air Magic
 + Level 1.1 Earth Magic
 + Level 1.1 Poison Magic
 + Level 1.5 Invocations
 + Level 1.3 Evocations


You had 3 spell levels left.
You knew the following spells:

 Your Spells              Type           Power        Failure   Level  Hunger
h - Regeneration          Chrm/Necr      ##........   16%         3    ###....
n - Spectral Weapon       Hex/Chrm       ##......     16%         3    ###....
p - Shroud of Golubria    Chrm/Tloc      ##....       8%          2    ##.....
u - Song of Slaying       Chrm           ###.....     3%          2    ##.....
y - Infusion              Chrm           ###.         1%          1    None

Your spell library contained the following spells:

 Spells                   Type           Power        Failure   Level  Hunger


Dungeon Overview and Level Annotations

Branches:
Dungeon (3/15)

Altars:


Innate Abilities, Weirdness & Mutations

Your experience applies equally to all skills.
You have very sharp teeth.
Your uncanny sense of smell can sniff out nearby items.


Message History

You miscast Regeneration.
You are very lightly contaminated with residual magic.
Multicoloured lights dance before your eyes!
The orc closely misses you.
You riposte.
You closely miss the orc. The orc closely misses you.
You hit the orc.
The orc is heavily wounded.
The orc hits you with a +0 war axe.
* * * LOW HITPOINT WARNING * * *
The orc barely misses you.
Casting: Regeneration (safe; 16% risk of failure)
Confirm with . or Enter, or press ? or * to list all spells.
Your skin crawls.
The orc hits you with a +0 war axe.
* * * LOW HITPOINT WARNING * * *
The orc closely misses you.
You barely miss the orc.
The orc is heavily wounded.
Your magical infusion is running out.
The orc hits you with a +0 war axe.
You die...

##. ∆ . ### ### #####
... ... ... #.# #.# #.#
#.# +.+ #.# #.# #.# #(#
##'#.##+#.##+#.##+#.##+#
......o@)†........[.....
##+#.##o#.##+#.##+#.##+#
#..#.# #.# #÷# # #..+.+
∆#.#∆ +.+ ∆# ####.#
#.####.#### ...
............ ##########
### ############
.........# # .#######.#
#


You could see 2 orcs.

Vanquished Creatures
  A hound (D:2)
  2 adders (D:3)
  3 oozes (D:2)
  A worm (D:2)
  3 leopard geckos
  2 orcs (D:3)
  A ball python (D:3)
  4 giant cockroaches
  8 goblins
  9 hobgoblins
  4 kobolds
  6 bats
  12 frilled lizards
  7 rats
63 creatures vanquished.

Notes
Turn   | Place    | Note
-------+----------+-------------------------------------------
     0 | D:1      | FishyPogo the Gnoll Skald began the quest for the Orb.
     0 | D:1      | Reached XP level 1. HP: 20/20 MP: 6/6
    46 | D:1      | Reached XP level 2. HP: 21/26 MP: 0/7
    57 | D:1      | Learned a level 2 spell: Song of Slaying
    60 | D:1      | Learned a level 2 spell: Shroud of Golubria
   282 | D:1      | Reached XP level 3. HP: 17/31 MP: 9/9
   293 | D:1      | Learned a level 3 spell: Regeneration
   297 | D:1      | Learned a level 3 spell: Spectral Weapon
   317 | D:1      | Reached skill level 5 in Spellcasting
   452 | D:1      | Reached skill level 1 in Invocations
   773 | D:2      | Reached skill level 1 in Short Blades
   773 | D:2      | Reached skill level 1 in Axes
   773 | D:2      | Reached skill level 1 in Maces & Flails
   773 | D:2      | Reached skill level 1 in Polearms
   773 | D:2      | Reached skill level 1 in Staves
   773 | D:2      | Reached skill level 1 in Slings
   773 | D:2      | Reached skill level 1 in Bows
   773 | D:2      | Reached skill level 1 in Crossbows
   773 | D:2      | Reached skill level 1 in Throwing
   773 | D:2      | Reached skill level 1 in Stealth
   773 | D:2      | Reached skill level 1 in Shields
   773 | D:2      | Reached skill level 1 in Unarmed Combat
   773 | D:2      | Reached skill level 1 in Evocations
   807 | D:2      | Reached XP level 4. HP: 35/38 MP: 8/11
  1011 | D:2      | Reached skill level 1 in Conjurations
  1011 | D:2      | Reached skill level 1 in Hexes
  1011 | D:2      | Reached skill level 1 in Summonings
  1011 | D:2      | Reached skill level 1 in Necromancy
  1011 | D:2      | Reached skill level 1 in Translocations
  1011 | D:2      | Reached skill level 1 in Transmutations
  1011 | D:2      | Reached skill level 1 in Fire Magic
  1011 | D:2      | Reached skill level 1 in Ice Magic
  1011 | D:2      | Reached skill level 1 in Air Magic
  1011 | D:2      | Reached skill level 1 in Earth Magic
  1011 | D:2      | Reached skill level 1 in Poison Magic
  1512 | D:3      | Reached XP level 5. HP: 43/43 MP: 6/12
  1599 | D:3      | Slain by an orc

Levels and vault maps discovered:
D:1:      scummos_arrival_gate, layout_basic, minmay_lizard_pond
D:2:      layout_basic
D:3:      minmay_door_path, layout_loops_corners

Skill      XL: |  1  2  3  4 |
---------------+-------------+-----
Spellcasting   | 5 |  5.1
Invocations    | 1 |  1.5
Short Blades   | 1 |  1.3
Axes           | 1 |  1.3
Maces & Flails | 1 |  1.3
Polearms       | 1 |  1.3
Staves         | 1 |  1.3
Slings         | 1 |  1.3
Bows           | 1 |  1.3
Crossbows      | 1 |  1.3
Throwing       | 1 |  1.3
Stealth        | 1 |  1.3
Shields        | 1 |  1.3
Unarmed Combat | 1 |  1.3
Evocations     | 1 |  1.3
Conjurations   | 1 |  1.1
Hexes          | 1 |  1.1
Summonings     | 1 |  1.1
Necromancy     | 1 |  1.1
Translocations | 1 |  1.1
Transmutations | 1 |  1.1
Fire Magic     | 1 |  1.1
Ice Magic      | 1 |  1.1
Air Magic      | 1 |  1.1
Earth Magic    | 1 |  1.1
Poison Magic   | 1 |  1.1
Fighting       | |  4.7
Long Blades    | |  4.7
Armour         | |  2.9
Dodging        | |  4.7
Charms         | |  5.5

Action                   |  1- 3 |  4- 6 || total
-------------------------+-------+-------++-------
Melee: Falchion          |    98 |    52 ||   150
       Bite              |     7 |     6 ||    13
 Cast: Infusion          |     4 |     6 ||    10
       Song of Slaying   |     3 |     3 ||     6
       Regeneration      |     2 |     1 ||     3
 Stab: Sleeping          |       |     2 ||     2
  Eat: Chunk             |       |     3 ||     3
Armor: Leather armour    |    14 |     5 ||    19
Dodge: Dodged            |    78 |    49 ||   127
       Rpst.: Falchion   |    29 |    14 ||    43
